Map: Oblivion Express

Players

BigSaucer

  • Race: Terran Terran

Xaeric

  • Race: Zerg Zerg

VOD

Have the link to the VOD?

Description

Time

  • Played on: Aug. 26, 2025, 11:16 p.m.
  • Length: 24:00
Show
View Real Time Build Order
Export as new Build Order

BigSaucer Terran 

Build Orders:  

Get SALT Encoding   

  12  0:03  SCV  
  12  0:08  Dominion Trooper x6, Supply Bunker  
  19  0:11  SCV  
  19  0:19  SCV  
  21  0:26  SCV  
  21  0:28  Refinery  
  22  0:34  SCV  
  23  0:42  SCV  
  24  0:51  SCV  
  24  0:52  Refinery  
  24  0:59  SCV  
  26  1:07  Supply Bunker  
  27  1:14  Dominion Trooper  
  28  1:22  Dominion Trooper  
  29  1:30  Dominion Trooper  
  29  1:38  Dominion Trooper  
  30  1:47  SCV x10  
  30  2:00  SCV x6, Command Center  
  30  2:06  Dominion Trooper x6, Supply Bunker  
  36  2:10  Refinery  
  36  2:13  Refinery  
  36  2:18  SCV x2  
  38  2:26  SCV x2  
  40  2:34  SCV x2  
  42  2:42  SCV x2  
  44  2:50  SCV x2  
  44  2:58  SCV x2, Engineering Bay  
  48  3:06  SCV x2  
  50  3:14  Barracks, SCV x2  
  50  3:17  Orbital Trooper Pods  
  52  3:29  Dominion Trooper  
  55  3:30  Dominion Trooper  
  55  3:31  Factory  
  55  3:37  Dominion Trooper  
  55  3:38  Dominion Trooper  
  58  3:45  Dominion Trooper, Starport  
  58  3:46  Dominion Trooper  
  58  3:53  Supply Bunker  
  58  4:00  Fusion Core  
  58  4:02  Imperial Witness  
  60  4:15  Amplified Airwaves  
  60  4:17  Hemispheric Acceleraants  
  60  4:27  Factory  
  60  4:32  Imperial Witness  
  60  4:35  Dominion Trooper x6, Supply Bunker  
  68  4:48  Dominion Trooper x6  
  68  4:49  Dominion Trooper x4  
  68  4:54  Earthsplitter Ordinance  
  68  4:55  Earthsplitter Ordinance  
  68  4:57  Earthsplitter Ordinance x2  
  68  5:22  Earthsplitter Ordinance x2  
  68  5:30  Earthsplitter Ordinance  
  68  5:31  Earthsplitter Ordinance  
  76  5:41  Dominion Trooper x6, Supply Bunker  
  76  5:47  Dominion Trooper x2  
  78  5:51  Engineering Bay  
  78  5:53  Armory  
  78  5:54  Terran Infantry Weapons Level 1  
  78  5:55  Dominion Trooper x2  
  78  6:07  Earthsplitter Ordinance  
  78  6:12  Earthsplitter Ordinance  
  78  6:14  Dominion Trooper x6, Supply Bunker  
  86  6:33  Earthsplitter Ordinance  
  86  6:34  Earthsplitter Ordinance  
  86  6:36  Dominion Trooper x2  
  93  6:40  Dominion Trooper x6, Supply Bunker  
  93  6:42  SCV x6  
  93  6:44  Dominion Trooper  
  93  6:51  Dominion Trooper x4  
  93  6:55  Dominion Trooper  
  94  7:10  Dominion Trooper x6, Supply Bunker  
  94  7:19  Earthsplitter Ordinance  
  94  7:38  Dominion Trooper x6, Supply Bunker  
  100  7:40  Earthsplitter Ordinance  
  100  7:42  Earthsplitter Ordinance  
  100  7:52  Terran Infantry Armor Level 1  
  100  7:59  Dominion Trooper x2  
  109  8:02  Dominion Trooper x6, Supply Bunker  
  109  8:07  Dominion Trooper  
  109  8:09  Earthsplitter Ordinance  
  109  8:10  Earthsplitter Ordinance  
  109  8:15  Earthsplitter Ordinance  
  111  8:36  Dominion Trooper x2  
  111  8:38  Terran Infantry Weapons Level 2  
  113  8:44  Dominion Trooper x2, Earthsplitter Ordinance  
  113  8:49  Dominion Trooper x6, Supply Bunker  
  121  8:52  Dominion Trooper x2  
  123  9:00  Dominion Trooper x2  
  123  9:07  Dominion Trooper, Earthsplitter Ordinance x2  
  123  9:08  Dominion Trooper  
  126  9:15  Dominion Trooper  
  128  9:27  Dominion Trooper x2  
  130  9:33  Earthsplitter Ordinance  
  130  9:35  Dominion Trooper x2, Earthsplitter Ordinance  
  130  9:36  Earthsplitter Ordinance  
  131  9:42  Earthsplitter Ordinance  
  131  9:43  Dominion Trooper  
  137  9:51  Dominion Trooper x6, Supply Bunker  
  139  10:11  Earthsplitter Ordinance  
  139  10:17  Dominion Trooper x2  
  139  10:33  Earthsplitter Ordinance  
  139  10:39  Dominion Trooper x4  
  138  10:40  Dominion Trooper x5  
  137  10:50  Terran Infantry Armor Level 2  
  137  10:56  Dominion Trooper x6, Supply Bunker  
  143  11:07  Earthsplitter Ordinance  
  143  11:08  Earthsplitter Ordinance  
  143  11:09  Earthsplitter Ordinance  
  143  11:29  Dominion Trooper x2  
  147  11:37  Dominion Trooper x2  
  149  11:40  Earthsplitter Ordinance  
  149  11:44  Dominion Trooper x6, Supply Bunker  
  149  11:45  Dominion Trooper x2  
  155  12:21  Earthsplitter Ordinance x2  
  155  12:24  Earthsplitter Ordinance  
  155  12:47  Neosteel Armor  
  161  13:00  Dominion Trooper x6, Supply Bunker  
  161  13:14  Earthsplitter Ordinance  
  163  13:23  Dominion Trooper x2  
  165  13:31  Dominion Trooper x2  
  165  13:39  Dominion Trooper x2  
  169  13:44  Dominion Trooper x6, Supply Bunker  
  169  13:47  Dominion Trooper x2  
  177  13:51  Earthsplitter Ordinance x2  
  177  13:53  Earthsplitter Ordinance  
  177  13:55  Dominion Trooper x2, Earthsplitter Ordinance  
  179  14:00  Terran Infantry Weapons Level 3  
  179  14:03  Dominion Trooper x2  
  181  14:11  Dominion Trooper x2  
  181  14:19  Dominion Trooper x2  
  185  14:23  Terran Infantry Armor Level 3  
  185  14:27  Dominion Trooper x2  
  187  14:34  Unknown x5  
  187  14:35  Dominion Trooper x2, Unknown x5  
  189  14:43  Dominion Trooper x2  
  189  14:45  Earthsplitter Ordinance  
  189  14:47  Earthsplitter Ordinance  
  189  14:57  Dominion Trooper x6, Supply Bunker  
  195  15:14  Earthsplitter Ordinance  
  197  15:21  Imperial Witness  
  197  15:22  Dominion Trooper  
  197  15:23  Dominion Trooper  
  199  15:30  Dominion Trooper  
  199  15:31  Dominion Trooper  
  199  15:38  Dominion Trooper  
  200  15:40  Earthsplitter Ordinance  
  200  15:41  Earthsplitter Ordinance  
  200  15:43  Earthsplitter Ordinance  
  200  15:46  Dominion Trooper x2  
  200  15:47  Dominion Trooper x3  
  200  15:48  Dominion Trooper x6  
  200  15:49  Dominion Trooper x2  
  200  16:14  Imperial Witness  
  200  16:40  Earthsplitter Ordinance x2  
  200  16:41  Earthsplitter Ordinance  
  200  16:43  Earthsplitter Ordinance  
  200  17:11  Dominion Trooper  
  200  17:12  Dominion Trooper  
  200  17:54  Dominion Trooper x2  
  200  18:38  Dominion Trooper x8  
  200  18:49  Earthsplitter Ordinance x3  
  200  19:03  Dominion Trooper x4  
  200  19:04  Dominion Trooper x2  
  200  19:18  Unknown x5  
  200  19:19  Unknown x10  
  200  19:43  Dominion Trooper  
  200  19:44  Dominion Trooper x2  
  200  19:45  Dominion Trooper  
  200  19:57  Dominion Trooper  
  200  20:05  Earthsplitter Ordinance  
  200  23:15  Unknown x7  
  200  23:16  Unknown x8  
Show
View Real Time Build Order
Export as new Build Order

Xaeric Zerg 

Build Orders:  

Get SALT Encoding   

  12  0:04  Drone  
  13  0:10  Drone  
  14  0:21  Overlord  
  14  0:29  Extractor  
  13  0:30  Drone  
  13  0:35  Extractor  
  13  0:37  Drone  
  14  0:46  Drone x2  
  16  0:52  Drone  
  16  0:57  Drone  
  18  1:06  Drone  
  19  1:25  Spawning Tool  
  18  1:48  Zergling x4  
  20  1:50  Zergling x2  
  21  2:08  Drone  
  22  2:10  Overlord  
  22  2:33  Infestation Pit  
  21  3:06  Drone x3  
  21  3:07  Drone  
  25  3:24  Hatchery  
  24  3:39  Overlord  
  24  3:42  Drone  
  24  3:44  Drone  
  24  3:45  Drone  
  27  3:57  Drone x3  
  30  4:09  Overlord  
  30  4:24  Drone x2  
  32  4:34  Drone x2  
  32  4:35  Drone  
  35  4:44  Extractor  
  35  4:46  Extractor  
  33  4:56  Drone x2  
  35  5:03  Drone  
  35  5:09  Drone  
  37  5:20  Drone x7  
  44  5:31  Hardened Ergonergy Shield  
  44  5:43  Zergling  
  44  5:45  Zergling  
  44  5:46  Evolution Chamber  
  44  5:47  Zergling, Drone  
  44  5:48  Drone, Evolution Chamber  
  44  5:49  Drone x2  
  46  5:51  Drone x2  
  46  5:55  Drone  
  47  6:38  Adrenal Glands, Metabolic Boost  
  47  6:43  Zerg Melee Weapons Level 1, Zerg Missile Weapons Level 1, Zerg Ground Armor Level 1  
  42  6:50  Zergling x8  
  47  6:54  Overlord x2  
  47  6:55  Overlord x3  
  47  6:56  Overlord  
  51  7:10  Overlord  
  51  7:37  Zergling x2  
  51  7:38  Zergling x6  
  55  7:42  Drone x2  
  55  7:43  Drone  
  58  7:52  Hydralisk Den  
  58  7:54  Ultralisk Cavern  
  58  7:56  Drone  
  58  7:57  Drone  
  58  8:43  Spore Crawler  
  57  8:55  Super Gary  
  57  9:45  Ultralisk x2  
  57  9:46  Ultralisk x3  
  57  9:47  Ultralisk  
  57  9:49  Zergling x2  
  93  9:50  Zergling x10  
  99  10:01  Mecha Mooch Module  
  99  11:24  Zergling x2  
  99  11:25  Zergling x14  
  99  11:27  Overlord  
  99  11:28  Overlord x3  
  107  11:55  Zergling  
  107  11:57  Zergling  
  106  12:24  Zergling x2  
  106  12:25  Zergling x22  
  118  12:32  Zerg Missile Weapons Level 2, Zerg Melee Weapons Level 2, Zerg Ground Armor Level 2  
  118  12:44  Electrostatic Surprise, Chitanium Plating  
  118  12:45  Muscular Augments, Erudition Missile Launchers  
  118  13:31  Zergling  
  118  14:07  Zergling  
  117  14:28  Zergling  
  117  14:29  Zergling  
  117  14:30  Zergling x3  
  117  14:31  Zergling x3  
  117  14:32  Zergling  
  117  14:37  Zergling  
  109  15:01  Zergling  
  109  15:08  Hydralisk  
  109  15:09  Hydralisk x11  
  133  15:14  Zergling  
  131  15:48  Overlord  
  131  15:49  Overlord x2, Zergling x6  
  131  15:50  Zergling x4  
  131  15:58  Drone, Hatchery  
  131  15:59  Hatchery  
  135  16:03  Drone  
  136  16:13  Zergling x4  
  136  16:14  Zergling x4  
  140  17:17  Zergling  
  139  18:24  Zergling x2  
  139  18:25  Zergling x34  
  139  18:26  Zergling x12  
  163  18:32  Pneumatized Carapace  
  163  18:37  Overlord  
  163  18:38  Overlord x3, Zergling  
  163  18:49  Zergling  
  163  19:20  Zergling  
  162  19:58  Zergling x2  
  162  19:59  Zergling x18  
  163  20:00  Zergling x28  
  163  20:06  Zergling  
  186  20:16  Zergling  
  186  20:39  Zergling  
  185  20:45  Zergling  
  180  21:42  Zergling  
  180  21:46  Zergling  
Tags
 
Add a new tag
Caveats
  • Supply blocks, unpowered buildings, or Contaminate may cause inaccurate times.
  • Supply counts are checked every 10 seconds.